 Dungeon Crawl Stone Soup version 0.30-a0-313-gae38170b09 (webtiles) character file.

Game seed: 9110787139061552255

4226 lesbiats the Basher (level 10, -2/98 HPs)
             Began as a Troll Fighter on Oct 26, 2022.
             Was a Follower of Trog.
             Slain by a killer bee (7 damage)
             ... on level 7 of the Dungeon on Oct 27, 2022.
             The game lasted 00:27:59 (6771 turns).

lesbiats the Basher (Troll Fighter)                 Turns: 6771, Time: 00:28:00

Health: -2/98      AC:  7    Str: 30    XL:     10   Next: 9%
Magic:  9/9        EV: 11    Int:  4    God:    Trog [*.....]
Gold:   437        SH:  0    Dex:  9    Spells: 9/9 levels left

rFire   . . .      SeeInvis .    M - +0 giant club
rCold   . . .      Faith    .    (shield currently unavailable)
rNeg    . . .      Spirit   .    L - +0 steam dragon scales
rPois   .          Reflect  .    F - +0 hat
rElec   .          Harm     .    (no cloak)
rCorr   .          Rampage  .    (gloves unavailable)
Will    .....                    (boots unavailable)
Stlth   +.........               (no amulet)
HPRegen 1.16/turn                (no ring)
MPRegen 0.11/turn                (no ring)

@: lethally poisoned (-2 -> -3)
A: large, unfitting armour, claws 3, regeneration 1, shaggy fur 1, tough skin 1
a: Renounce Religion, Berserk


You were on level 7 of the Dungeon.
You worshipped Trog.
Trog was aware of your devotion.
You visited 1 branch of the dungeon, and saw 8 of its levels.

You collected 437 gold pieces.

Inventory:

Hand Weapons
 a - a +1 flail
 D - a +5 long sword
 H - a +0 dagger
 M - a +0 giant club (weapon)
Missiles
 i - 3 curare-tipped darts
 m - 71 stones (quivered)
 q - a throwing net
 G - 2 poisoned darts
 O - 3 boomerangs
Armour
 b - a +0 robe
 c - a +0 kite shield
 F - a +0 hat (worn)
 L - +0 steam dragon scales (worn)
Wands
 r - a wand of acid (9)
 A - a wand of polymorph (15)
 K - a wand of iceblast (11)
Scrolls
 e - 2 scrolls of poison {unknown}
 g - a scroll of magic mapping {unknown}
 h - a scroll of fear {unknown}
 k - 4 scrolls of noise
 l - 3 scrolls of immolation {unknown}
 p - a scroll of torment {unknown}
 u - 2 scrolls of enchant weapon
 x - 2 scrolls of amnesia {unknown}
 y - a scroll of teleportation {unknown}
 z - 3 scrolls of silence
 E - 2 scrolls of enchant armour {unknown}
 I - 3 scrolls of summoning {unknown}
 J - 2 scrolls of identify
 N - a scroll of brand weapon {unknown}
Potions
 d - a potion of might
 f - 2 potions of heal wounds
 j - a potion of lignification {unknown}
 n - 2 potions of mutation {unknown}
 o - 4 potions of curing
 s - a potion of cancellation {unknown}
 t - 3 potions of haste {unknown}
 v - 4 potions of attraction
 w - 3 potions of brilliance
 B - a potion of flight {unknown}
 C - 3 potions of degeneration {unknown}


   Skills:
 + Level 6.1 Fighting
 * Level 9.0 Maces & Flails
 - Level 5.2 Throwing
 - Level 6.1 Dodging
 - Level 2.6 Shields


You had 9 spell levels left.
You didn't know any spells.
Your spell library contained the following spells:

 Spells                   Type           Power      Damage    Failure   Level
 Ensorcelled Hibernation  Hex/Ice        0%         N/A       65%         2
 Passwall                 Tmut/Erth      0%         N/A       65%         2
 Frozen Ramparts          Ice            0%         1d1       86%         3
 Hailstorm                Conj/Ice       0%         3d3       86%         3
 Swiftness                Air            0%         N/A       86%         3
 Ice Form                 Ice/Tmut       0%         N/A       99%         4
 Summon Ice Beast         Ice/Summ       0%         N/A       99%         4
 Borgnjor's Vile Clutch   Necr/Erth      0%         N/A       100%        5
 Death Channel            Necr           0%         N/A       100%        6
 Simulacrum               Ice/Necr       0%         N/A       100%        6
 Death's Door             Necr           0%         N/A       100%        9


Dungeon Overview and Level Annotations

Branches:
Dungeon (8/15)             Temple (0/1) D:6
   Lair: D:8-11

Altars:
Cheibriados
Dithmenos
Gozag
Kikubaaqudgha
Makhleb
Trog
Yredelemnul

Shops:
D:2 :   D:4 =


Innate Abilities, Weirdness & Mutations

You are too large for most types of armour.
You have claws for hands.
Your natural rate of healing is unusually fast.
You are covered in fur. (AC +1)
You have tough skin. (AC +1)


Message History

There is a stone staircase leading down here.
You feel sick.
You are no longer poisoned.
The killer bee closely misses you.
The killer bee attacks as you move away!
The killer bee misses you.
The killer bee stings you but does no damage.
You closely miss the killer bee. The killer bee stings you!
The killer bee stings you but does no damage.
You barely miss the killer bee. The killer bee closely misses you.
The killer bee stings you.
You miss the killer bee. The killer bee completely misses you.
The killer bee barely misses you.
The killer bee stings you but does no damage.
You barely miss the killer bee. The killer bee stings you.
You are poisoned.
The killer bee poisons you! The killer bee barely misses you.
You miss the killer bee.
You feel sick. The killer bee stings you. The killer bee misses you.
You miss the killer bee.
You feel sick. The killer bee stings you. The killer bee stings you!
* * * LOW HITPOINT WARNING * * *
The killer bee stings you.
* * * LOW HITPOINT WARNING * * *
You are more poisoned.
The killer bee poisons you!
You miss the killer bee.
You feel sick. The killer bee stings you.
* * * LOW HITPOINT WARNING * * *
You are more poisoned.
The killer bee poisons you!
The killer bee stings you but does no damage.
You barely miss the killer bee.
You feel very sick. The killer bee barely misses you. x2
You closely miss the killer bee.
You feel sick. The killer bee stings you.
* * * LOW HITPOINT WARNING * * *
The killer bee stings you.
* * * LOW HITPOINT WARNING * * *
You feel sick. The killer bee stings you!
You die...

##.##>##.# #.#.....########
#.##.##.# #...............
#.......#########..####..####
####.##.<...[......####..#... ###
#.#.......#####.##........ ..#
#.....###.# #.##........ #.####
###....##.# #.......†... .....#
#.##.##.# #......###.# #.##.#
#)##.##@# ###.......##.# #.##.#
#....>y.###.#.##.##.##.# #.)#.##
###...####.#..##.##.##.# ......#
#...# #..............#
.#....######...###....)##........
......##.......)...#.#)##..#.#...
.....................#........>..
......##...........###.......#...
......######...###.##.).##.###...


You could see a killer bee.

Vanquished Creatures
  Pikel (D:7)
  Maggie (D:7)
  A gargoyle (D:5)
  Prince Ribbit (D:6)
  Eustachio (D:6)
  A steam dragon (D:6)
  A water moccasin (D:7)
  An orc warrior (D:7)
  3 black bears
  2 ice beasts
  2 sky beasts (D:7)
  An ogre (D:7)
  2 centaurs
  A lemure (D:7)
  A phantom (D:5)
  3 kobold brigands
  2 bullfrogs (D:6)
  2 necrophages
  4 scorpions
  3 wights
  A killer bee (D:8)
  A crimson imp (D:6)
  A gnoll bouda (D:5)
  3 orc priests
  2 hounds
  A jelly (D:6)
  10 iguanas
  An orc wizard (D:4)
  2 hound zombies (D:4)
  An adder (D:2)
  6 gnolls (D:2)
  2 shadow imps
  A white imp (D:6)
  An ufetubus (D:6)
  An adder zombie (D:4)
  2 worms
  4 dart slugs
  16 orcs
  5 endoplasms
  3 giant cockroaches
  5 goblins
  4 hobgoblins
  9 jackals
  3 quokkas
  11 ball pythons
  4 bats
  5 frilled lizards
  4 kobolds
  A quokka zombie (D:4)
  5 rats
149 creatures vanquished.

Vanquished Creatures (others)
  A demonic plant (D:2)
  7 plants (D:3)
  A withered plant (D:2)
9 creatures vanquished.

Grand Total: 158 creatures vanquished

Notes
Turn   | Place    | Note
-------+----------+-------------------------------------------
     0 | D:1      | lesbiats the Troll Fighter began the quest for the Orb.
     0 | D:1      | Reached XP level 1. HP: 22/22 MP: 0/0
   144 | D:1      | Reached skill level 2 in Maces & Flails
   275 | D:1      | Reached XP level 2. HP: 29/29 MP: 1/1
   801 | D:2      | Reached XP level 3. HP: 36/36 MP: 2/2
   891 | D:2      | Reached skill level 3 in Maces & Flails
   891 | D:2      | Reached XP level 4. HP: 44/44 MP: 3/3
  1222 | D:2      | Found a faded altar of an unknown god.
  1281 | D:2      | Found Suolal's Book Boutique.
  1801 | D:3      | Got Gloorx Vloq's Quarto of Wicked Arts
  1867 | D:3      | Reached XP level 5. HP: 18/53 MP: 4/4
  2102 | D:3      | Found a shadowy altar of Dithmenos.
  2197 | D:3      | Found a snail-covered altar of Cheibriados.
  2453 | D:4      | Noticed a black bear
  2459 | D:4      | Killed a black bear
  2460 | D:4      | Reached skill level 4 in Maces & Flails
  2472 | D:4      | Found Ecremn's Jewellery Shop.
  2657 | D:4      | Reached XP level 6. HP: 56/61 MP: 5/5
  2824 | D:4      | Found a basalt altar of Yredelemnul.
  2934 | D:4      | Reached skill level 1 in Throwing
  3244 | D:5      | Entered Level 5 of the Dungeon
  3298 | D:5      | Reached XP level 7. HP: 32/68 MP: 6/6
  3474 | D:5      | Reached skill level 5 in Maces & Flails
  3766 | D:5      | Noticed a gargoyle
  3783 | D:5      | HP: 1/70 [gargoyle/stone arrow (27)]
  3857 | D:5      | Killed a gargoyle
  3858 | D:5      | Reached XP level 8. HP: 23/78 MP: 7/7
  4051 | D:5      | Reached skill level 6 in Maces & Flails
  4280 | D:6      | Found an ancient bone altar of Kikubaaqudgha.
  4281 | D:6      | Found a bloodstained altar of Trog.
  4313 | D:6      | Became a worshipper of Trog the Wrathful
  4467 | D:6      | HP: 2/68 [wight/+5 long sword (8)]
  4585 | D:6      | Noticed Eustachio
  4658 | D:6      | Killed Eustachio
  4782 | D:6      | Reached skill level 5 in Dodging
  4951 | D:6      | Reached skill level 5 in Fighting
  4951 | D:6      | Reached skill level 7 in Maces & Flails
  5012 | D:6      | Found a staircase to the Ecumenical Temple.
  5121 | D:6      | Reached XP level 9. HP: 88/88 MP: 8/8
  5383 | D:6      | Noticed Prince Ribbit
  5395 | D:6      | Killed Prince Ribbit
  5446 | D:6      | Found a burning altar of Makhleb.
  5733 | D:6      | Found an opulent altar of Gozag.
  5987 | D:7      | Noticed Maggie
  6022 | D:7      | Killed Maggie
  6023 | D:7      | Reached skill level 8 in Maces & Flails
  6116 | D:7      | Reached * piety under Trog
  6352 | D:7      | Reached skill level 5 in Throwing
  6430 | D:7      | Noticed Pikel
  6441 | D:7      | Killed Pikel
  6442 | D:7      | Reached XP level 10. HP: 98/98 MP: 9/9
  6755 | D:8      | Reached skill level 9 in Maces & Flails
  6771 | D:7      | Slain by a killer bee

Illustrated notes

Levels and vault maps discovered:
D:1:      spicycebolla_arrival_risky_transporter, layout_basic, serial_bayou,
          serial_bayou_shore_b, serial_bayou_crossing, serial_bayou_lagoon_b,
          serial_bayou_pond_a, hex_large
D:2:      layout_basic, serial_shops, shop, shapermc_ecumenical_altar_gd
D:3:      layout_basic, slow_altar_2, mainiacjoe_overflow_chevrons
D:4:      layout_basic, nicolae_yredelemnul_corpse_copse, serial_shops,
          nicolae_shop_stone, minmay_circle_x
D:5:      layout_basic, minmay_fractal_squares_gapless_5
D:6:      layout_loops_ring, makhleb_grotto_becter,
          mainiacjoe_overflow_alcove_4, grunt_temple_overflow_open,
          minmay_temple_entry_large_hall, minmay_misc_feat_tower,
          minmay_pentangle, uniq_eustachio, uniq_prince_ribbit1
D:7:      layout_loops_cross, grunt_ministairs_5, minmay_bent, uniq_pikel,
          uniq_maggie
D:8:      layout_loops_ring, lair_entry_dummy

Skill      XL: |  1  2  3  4  5  6  7  8  9 10 |
---------------+-------------------------------+-----
Maces & Flails | 2 3 4 5 7 8 9 |  9.0
Fighting       | 3 4 5 6 |  6.1
Dodging        | 3 4 5 6 |  6.1
Throwing       | 1 2 3 5 |  5.2
Shields        | |  2.6

Action                   |  1- 3 |  4- 6 |  7- 9 | 10-12 || total
-------------------------+-------+-------+-------+-------++-------
Melee: Flail             |   104 |   219 |   298 |       ||   621
       Giant club        |       |       |    29 |    47 ||    76
Throw: Stone             |       |     8 |    11 |       ||    19
       Dart              |       |       |     4 |       ||     4
Evoke: Wand              |       |     2 |     3 |       ||     5
  Use: Scroll            |       |       |     6 |       ||     6
       Potion            |       |       |     3 |       ||     3
Armor: Robe              |    60 |    80 |    88 |       ||   228
       Steam dragon scal |       |       |    21 |    27 ||    48
Dodge: Dodged            |    50 |   104 |   163 |    36 ||   353
Block: Kite shield       |    71 |    95 |   120 |       ||   286

Table legend: (Time is in decaauts)
 A = Elapsed time spent in this place.
 B = Non-inter-level travel time spent in this place.
 C = Inter-level travel time spent in this place.
 D = Time resting spent in this place.
 E = Time spent auto-exploring this place.
 F = Levels seen in this place.
 G = Mean time per level.
                   A        B        C        D        E       F      G
               +--------+--------+--------+--------+--------+-----+--------+
         Total |   6987 |   6379 |    608 |    497 |   3615 |   8 |  873.4 |
       Dungeon |   6987 |   6379 |    608 |    497 |   3615 |   8 |  873.4 |
               +--------+--------+--------+--------+--------+-----+--------+

Top non-repeatable levels by time:
     D:6: 1324 daAuts
     D:5: 1147 daAuts
     D:4: 1040 daAuts
     D:7: 957 daAuts
     D:2: 931 daAuts
     D:1: 830 daAuts
     D:3: 729 daAuts
     D:8: 26 daAuts
